 Dungeon Crawl Stone Soup version 0.29-a0-1008-g949cc1d0fb (webtiles) character file.

Game seed: 5056937824289592725

843 siradein the Shield-Bearer (level 8, 0/65 HPs)
             Began as a Formicid Fighter on Aug 8, 2022.
             Was a Follower of Okawaru.
             Killed from afar by a steam dragon (12 damage)
             ... with a ball of steam
             ... on level 6 of the Dungeon.
             The game lasted 00:15:28 (6233 turns).

siradein the Shield-Bearer (Formicid Fighter)       Turns: 6233, Time: 00:15:30

Health: 0/65       AC: 12    Str: 27    XL:     8   Next: 20%
Magic:  19/19      EV: 11    Int:  8    God:    Okawaru [*.....]
Gold:   185        SH: 12    Dex: 13    Spells: 7/7 levels left

rFire   . . .      SeeInvis +   f - +1 spear (vamp)
rCold   . . .      Faith    .   r - +0 kite shield
rNeg    + . .      Spirit   .   w - +4 ring mail "Niud" {Regen+ MP+9 Str+4}
rPois   .          Reflect  .   (helmet unavailable)
rElec   .          Harm     .   (no cloak)
rCorr   .          Rampage  .   (no gloves)
Will    .....                   (no boots)
Stlth   +.........              s - amulet of regeneration
HPRegen 1.80/turn               b - ring of positive energy
MPRegen 0.16/turn               n - ring of the Octopus King {Fly HP+2 AC+2 EV+2 SH+2}

@: weakened, flying
A: permanent stasis, dig shafts and tunnels, antennae 3, four strong arms
a: Dig, Shaft Self, Renounce Religion, Heroism


You were on level 6 of the Dungeon.
You worshipped Okawaru.
Okawaru was aware of your devotion.
You visited 1 branch of the dungeon, and saw 6 of its levels.
You also visited: Sewer.

You collected 330 gold pieces.
You spent 145 gold pieces at shops.

Inventory:

Hand Weapons
 a - a +0 trident
 f - a +1 vampiric spear (weapon)
Missiles
 d - a throwing net
Armour
 r - a +0 kite shield (worn)
 w - the +4 ring mail "Niud" (worn) {Regen+ MP+9 Str+4}
   (You found it on level 5 of the Dungeon)

   Str:       It affects your strength (+4).
   MP:        It affects your magic capacity (+9).
   Regen:     It increases your rate of health regeneration.
Jewellery
 b - a ring of positive energy (left hand)
 n - a ring of the Octopus King (right hand) {Fly HP+2 AC+2 EV+2 SH+2}
   (You bought it in a shop on level 4 of the Dungeon)

   [ring of flight]

   AC:        It affects your AC (+2).
   EV:        It affects your evasion (+2).
   HP:        It affects your health (+2).
   Fly:       It grants you flight.
   SH:        It affects your SH (+2).
 s - an amulet of regeneration (around neck)
 t - an amulet of magic regeneration
 x - a ring of positive energy
Scrolls
 h - a scroll of enchant armour {unknown}
 j - a scroll of silence {unknown}
 k - 2 scrolls of amnesia {unknown}
 m - 4 scrolls of poison {unknown}
 o - a scroll of fear {unknown}
 p - a scroll of summoning {unknown}
 v - a scroll of torment {unknown}
Potions
 c - a potion of resistance
 g - 5 potions of lignification
 i - 2 potions of heal wounds {unknown}
 l - 2 potions of attraction
 q - a potion of curing
 u - a potion of ambrosia
 z - a potion of brilliance
 A - 2 potions of magic {unknown}
 B - a potion of might


   Skills:
 + Level 5.6 Fighting
 + Level 4.4 Polearms
 + Level 5.5 Armour
 + Level 6.6 Shields
 + Level 3.0 Invocations


You had 7 spell levels left.
You didn't know any spells.
Your spell library was empty.

Dungeon Overview and Level Annotations

Branches:
Dungeon (6/15)              Sewer (visited)
 Temple: D:4-7

Altars:
Kikubaaqudgha
Okawaru
Uskayaw
The Shining One

Shops:
D:3 *   D:4 *   D:5 :


Innate Abilities, Weirdness & Mutations

You cannot be hasted, slowed, berserked, paralysed or teleported.
You can dig through walls and to a lower floor.
You have a pair of large antennae on your head. (SInv)
Your four strong arms can wield two-handed weapons with a shield.


Message History

* * * LOW HITPOINT WARNING * * *
The gnoll bouda barks out a call to the hunt!
Reach: f) +1 spear (vamp)
Press: ? - help, Dir - move target, f/p - steam dragon
Aim: a steam dragon (almost dead, catching its breath, about 35% to evade your +1 vampiric spear)
You hit the steam dragon but do no damage.
The steam dragon is almost dead.
You are engulfed in a cloud of scalding steam.
* * * LOW HITPOINT WARNING * * *
An iguana comes into view.
The steam dragon bites you but does no damage.
The steam dragon claws you.
* * * LOW HITPOINT WARNING * * *
A gnoll comes into view. It is wielding a +0 whip.
Reach: f) +1 spear (vamp)
Press: ? - help, Dir - move target, f/p - steam dragon
Aim: a steam dragon (almost dead, about 35% to evade your +1 vampiric spear)
You hit the steam dragon.
The steam dragon is almost dead.
You are engulfed in a cloud of scalding steam.
* * * LOW HITPOINT WARNING * * *
You block the steam dragon's attack. The steam dragon barely misses you.
A gnoll comes into view. It is wielding a +0 halberd.
Unknown command.
You feel better.
You are engulfed in a cloud of scalding steam.
* * * LOW HITPOINT WARNING * * *
The steam dragon breathes steam at you. The ball of steam misses you.
The gnoll bouda gazes fiercely through you!
You feel your attacks grow feeble.
The gnoll bouda gazes fiercely through you!
You feel as though you will be weak longer.
The steam dragon attacks as you move away!
The steam dragon bites you.
* * * LOW HITPOINT WARNING * * *
You block the steam dragon's attack. The steam dragon breathes steam at you.
The ball of steam hits you!
You die...

#.# ####
#.###### ..?..
#.#....
.(<..##.#...#
......#.#...##
........#....#
##...##.#....#
### #...§Dl###
#..@#.§..#
###<#..g.# { {
#.#>##g####{##
#.#..#{.......
#.##...{#...##
#....##.....#
#.##.# .##..#
#.##.# .. ...
#.. ##. #.


You could see a steam dragon (catching breath).

Vanquished Creatures
  A phantom (D:5)
  A gnoll sergeant (D:4)
  2 scorpions (D:5)
  2 hounds
  2 jellies
  3 iguanas
  3 orc wizards
  5 gnolls
  11 adders
  4 river rats (Sewer)
  An ufetubus (D:4)
  4 dart slugs
  12 orcs
  6 endoplasms
  4 giant cockroaches
  8 hobgoblins
  3 jackals (D:3)
  6 quokkas
  10 ball pythons
  6 bats
  8 frilled lizards
  13 goblins
  10 kobolds
  12 rats
137 creatures vanquished.

Vanquished Creatures (others)
  A gnoll (D:6)
  A white imp (D:6)
  A fungus (D:1)
  2 plants (D:1)
5 creatures vanquished.

Grand Total: 142 creatures vanquished

Notes
Turn   | Place    | Note
-------+----------+-------------------------------------------
     0 | D:1      | siradein the Formicid Fighter began the quest for the Orb.
     0 | D:1      | Reached XP level 1. HP: 18/18 MP: 1/1
   337 | D:1      | Reached XP level 2. HP: 23/24 MP: 2/2
   621 | D:1      | Reached XP level 3. HP: 29/29 MP: 3/3
  1072 | D:1      | Found a faded altar of an unknown god.
  1250 | D:2      | You fall into a shaft and drop 1 floor!
  1331 | D:3      | Reached XP level 4. HP: 16/37 MP: 4/4
  2371 | D:3      | Reached XP level 5. HP: 42/42 MP: 5/5
  2567 | D:3      | Reached skill level 5 in Shields
  2572 | D:3      | Found Ybompiel's General Store.
  2972 | D:3      | Bought a scroll of identify for 20 gold pieces
  3470 | D:3      | Found an ancient bone altar of Kikubaaqudgha.
  3495 | D:3      | Found a glowing golden altar of the Shining One.
  3610 | D:4      | Found a hide-covered altar of Uskayaw.
  3617 | D:3      | Reached XP level 6. HP: 27/49 MP: 6/6
  3879 | D:4      | Found an iron altar of Okawaru.
  3893 | D:4      | Became a worshipper of Warmaster Okawaru
  4368 | D:4      | Found Nocoewod's Assorted Antiques.
  4384 | D:4      | Bought a ring of the Octopus King for 125 gold pieces
  4384 | D:4      | Found the ring of the Octopus King {Fly HP+2 AC+2 EV+2
                  | SH+2}
  4384 | D:4      | Found the ring of the Octopus King {Fly HP+2 AC+2 EV+2
                  | SH+2}
  4418 | D:5      | Entered Level 5 of the Dungeon
  4466 | D:4      | Reached skill level 1 in Invocations
  4467 | D:4      | HP: 1/52 [gnoll/+0 club[a gnoll sergeant] (6)]
  4723 | D:4      | HP: 1/52 [gnoll sergeant/+1 vampiric spear (8)]
  4726 | D:4      | Reached skill level 5 in Fighting
  4726 | D:4      | Reached XP level 7. HP: 7/56 MP: 6/8
  5007 | D:5      | Found Susyal's Book Shoppe.
  5041 | D:5      | Reached skill level 5 in Armour
  5041 | D:5      | Reached skill level 6 in Shields
  5129 | D:5      | Identified the +4 ring mail "Niud" {Regen+ MP+9 Str+4}
  5163 | D:5      | Found a glowing drain.
  5176 | Sewer    | Entered a sewer
  5254 | Sewer    | Reached * piety under Okawaru
  5712 | D:5      | Reached XP level 8. HP: 63/63 MP: 9/9
  6229 | D:6      | HP: 1/65 [steam dragon] (10)]
  6233 | D:6      | Killed from afar by a steam dragon

Illustrated notes

Levels and vault maps discovered:
D:1:      eino_arrival_cavern_a, layout_basic, shapermc_ecumenical_altar_ellora
D:2:      layout_basic
D:3:      layout_basic, nicolae_kikubaaqudgha_miasma_corner,
          mainiacjoe_overflow_brackets, serial_shops, shop, minmay_between
D:4:      layout_rooms, lemuel_round_altar, okawaru_trees_1, serial_shops, shop
D:5:      layout_loops_ring, portal_sewer_entry_d, serial_shops,
          nicolae_shop_waterfront
D:6:      layout_rooms, zin_purify, mainiacjoe_overflow_six_doors_small,
          beargit_hepliaklqana_dungeon_heroes, uniq_blork_the_orc

Skill      XL: |  1  2  3  4  5  6  7  8 |
---------------+-------------------------+-----
Fighting       | 4 5 |  5.6
Armour         | 4 5 |  5.5
Polearms       | 3 4 |  4.4
Shields        | 5 6 |  6.6
Invocations    | 1 2 3 |  3.0

Action                   |  1- 3 |  4- 6 |  7- 9 || total
-------------------------+-------+-------+-------++-------
Melee: Trident           |   145 |   248 |       ||   393
       Spear             |       |       |   228 ||   228
  Use: Scroll            |       |     8 |     1 ||     9
       Potion            |       |     3 |     2 ||     5
Armor: Scale mail        |    71 |    54 |       ||   125
       Chain mail        |       |    45 |    16 ||    61
       Ring mail         |       |       |    34 ||    34
Dodge: Dodged            |    67 |    83 |    60 ||   210
Block: Buckler           |    38 |    17 |       ||    55
       Kite shield       |       |    82 |   103 ||   185

Table legend: (Time is in decaauts)
 A = Elapsed time spent in this place.
 B = Non-inter-level travel time spent in this place.
 C = Inter-level travel time spent in this place.
 D = Time resting spent in this place.
 E = Time spent auto-exploring this place.
 F = Levels seen in this place.
 G = Mean time per level.
                   A        B        C        D        E       F      G
               +--------+--------+--------+--------+--------+-----+--------+
         Total |   6328 |   6181 |    147 |    600 |   4135 |   7 |  904.0 |
       Dungeon |   5958 |   5811 |    147 |    600 |   3880 |   6 |  993.0 |
         Sewer |    370 |    370 |      0 |      0 |    255 |   1 |  370.0 |
               +--------+--------+--------+--------+--------+-----+--------+

Top non-repeatable levels by time:
     D:3: 1356 daAuts
     D:4: 1253 daAuts
     D:2: 1241 daAuts
     D:1: 1219 daAuts
     D:5: 792 daAuts
   Sewer: 370 daAuts
     D:6: 95 daAuts
